Map: Rhoskallian LE

Players

Chuncocoo

  • Race: Terran Terran
  • Spawn Location: 11:00

Agustin

  • Race: Protoss Protoss
  • League: Silver
  • Spawn Location: 12:00

DTaeKim - Winner!

  • Race: Protoss Protoss
  • League: Diamond
  • Spawn Location: 5:00

JackBauer - Winner!

  • Race: Zerg Zerg
  • League: Platinum
  • Spawn Location: 6:00

VOD

Have the link to the VOD?

Description

Time

  • Played on: June 26, 2022, 12:26 a.m.
  • Length: 4:55
Show
View Real Time Build Order
Export as new Build Order

Chuncocoo Terran 

Build Orders:  

Get SALT Encoding   

  12  0:00  SCV  
  13  0:13  SCV  
  14  0:19  Supply Depot  
  14  0:26  SCV  
  15  0:41  SCV  
  15  0:42  Barracks  
  16  0:52  Refinery  
  16  0:53  SCV  
  17  1:05  SCV  
  18  1:17  SCV  
  19  1:30  Orbital Command  
  19  1:43  Command Center  
  19  2:00  SCV  
  20  2:03  Barracks Tech Lab  
  20  2:12  SCV  
  21  2:20  Factory  
  21  2:27  Supply Depot, Marine  
  22  2:33  SCV  
  23  2:48  SCV, Marine  
  25  2:53  Refinery  
  25  2:57  Supply Depot  
  25  3:00  SCV  
  26  3:13  SCV  
  26  3:18  Starport  
  26  3:19  Barracks Tech Lab  
  27  3:20  Supply Depot  
  27  3:30  SCV  
  27  3:31  Orbital Command  
  28  3:42  SCV  
  29  3:51  Siege Tank  
  29  3:54  SCV  
  32  3:58  Marine  
  30  4:16  Marine  
  10  4:34  Widow Mine, Marine  
Show
View Real Time Build Order
Export as new Build Order

Agustin Protoss 

Build Orders: 1 Gate Expand 

Get SALT Encoding   

  12  0:00  Probe  
  13  0:15  Pylon  
  13  0:18  Probe  
  14  0:30  Probe  
  15  0:36  Gateway  
  15  0:42  Probe  
  16  0:46  Assimilator  
  16  0:55  Probe  
  17  1:08  Probe  
  18  1:30  Nexus  
  18  1:41  Cybernetics Core  
  18  1:47  Gateway  
  18  1:56  Probe, Assimilator  
  19  2:08  Probe  
  20  2:17  Warp Gate  
  20  2:20  Probe  
  21  2:33  Probe  
  22  2:41  Pylon  
  22  2:45  Probe  
  22  2:46  Probe  
  22  2:49  Stalker x2  
  28  2:58  Probe x2  
  30  3:05  Stargate  
  30  3:11  Probe x2  
  32  3:16  Pylon  
  32  3:26  Probe x2  
  34  3:38  Probe x2  
  31  3:51  Stalker  
  31  3:52  Stalker  
  32  4:06  Void Ray (Chrono Boost)  
Show
View Real Time Build Order
Export as new Build Order

DTaeKim Protoss - Winner!

Build Orders:  

Get SALT Encoding   

  12  0:00  Probe  
  13  0:12  Probe  
  14  0:24  Pylon  
  14  0:25  Probe  
  15  0:42  Probe  
  16  0:45  Gateway  
  16  0:54  Probe, Assimilator  
  17  1:04  Assimilator  
  17  1:06  Probe  
  18  1:19  Probe  
  18  1:24  Gateway  
  19  1:27  Pylon  
  19  1:31  Probe  
  20  1:39  Cybernetics Core  
  20  1:52  Probe  
  21  2:04  Probe  
  22  2:13  Stalker (Chrono Boost)  
  22  2:14  Stalker (Chrono Boost)  
  24  2:16  Probe  
  28  2:33  Stalker (Chrono Boost)  
  29  2:44  Stalker (Chrono Boost)  
  31  2:48  Pylon  
  31  2:53  Warp Gate  
  31  2:59  Pylon  
  31  3:06  Probe  
  32  3:15  Robotics Facility  
  32  3:18  Probe  
  33  3:31  Probe  
  34  4:06  Probe  
  34  4:08  Nexus  
  35  4:11  Pylon  
  35  4:18  Probe  
  36  4:27  Gateway  
  36  4:29  Pylon  
  36  4:30  Probe  
  35  4:42  Probe  
Show
View Real Time Build Order
Export as new Build Order

JackBauer Zerg - Winner!

Build Orders: Hatch First 

Get SALT Encoding   

  12  0:00  Drone  
  13  0:14  Overlord  
  13  0:19  Drone  
  14  0:33  Drone x2  
  16  0:38  Drone  
  17  0:55  Hatchery  
  16  0:58  Drone  
  16  1:03  Drone  
  18  1:10  Drone  
  19  1:15  Extractor  
  18  1:20  Spawning Pool  
  18  1:23  Drone  
  18  1:30  Drone  
  19  1:50  Overlord  
  19  1:51  Drone  
  20  1:55  Extractor  
  19  2:02  Drone  
  19  2:06  Queen  
  19  2:07  Queen  
  24  2:14  Drone  
  25  2:16  Zergling x2  
  26  2:24  Baneling Nest  
  26  2:26  Zergling x4  
  27  2:33  Zergling x2  
  28  2:37  Metabolic Boost  
  28  2:49  Zergling x6  
  31  2:54  Zergling x2  
  32  3:02  Zergling x4  
  34  3:11  Zergling x2  
  35  3:20  Lair  
  35  3:23  Zergling x2  
  36  3:27  Overlord  
  35  3:52  Zergling x6  
  35  3:53  Zergling x8  
  42  4:05  Zergling x4  
  44  4:24  Overlord x2  
  43  4:32  Zergling x2  
Tags
 
Add a new tag
Caveats
  • Supply blocks, unpowered buildings, or Contaminate may cause inaccurate times.
  • Supply counts are checked every 10 seconds.